 Dungeon Crawl Stone Soup version 0.30.0-13-g156ef70053 (webtiles) character file.

Game seed: 2990684622130769620

46 jasper the Sneak (level 4, -2/40 HPs)
             Began as a Meteoran Delver on May 17, 2023.
             Slain by a water moccasin (5 damage)
             ... on level 6 of the Dungeon.
             The game lasted 00:00:50 (205 turns).

jasper the Sneak (Meteoran Delver)                   Turns: 205, Time: 00:00:51

Health: -2/40      AC:  3    Str: 15    XL:     4   Next: 15%
Magic:  5/5        EV: 12    Int: 11    God:
Gold:   15         SH:  0    Dex: 16    Spells: 3/3 levels left

rFire   . . .        a - +0 hand axe
rCold   . . .        (no shield)
rNeg    . . .        b - +0 leather armour
rPois   .            (no helmet)
rElec   .            (no cloak)
rCorr   .            (no gloves)
SInv    .            (no boots)
Will    .....        (no amulet)
Stlth   +            (no ring)
HPRegen 0.26/turn    (no ring)
MPRegen 0.09/turn

%: no passive effects
@: lethally poisoned (-2 -> -3), glowing
A: sense surroundings 1, otherworldly, glowing, explore regen
a: no special abilities


You were on level 6 of the Dungeon.
You visited 1 branch of the dungeon, and saw 2 of its levels.

You collected 15 gold pieces.

Inventory:

Hand Weapons
 a - a +0 hand axe (weapon)
Missiles
 f - 2 boomerangs (quivered)
Armour
 b - a +0 leather armour (worn)
Wands
 g - a wand of digging (3)
Scrolls
 c - a scroll of fog
 d - a scroll of magic mapping
 e - a scroll of fear


   Skills:
 + Level 3.7 Fighting
 * Level 3.5 Axes
 + Level 1.4 Armour
 + Level 3.0 Dodging
 - Level 3.7 Stealth


You had 3 spell levels left.
You didn't know any spells.
Your spell library was empty.

Dungeon Overview and Level Annotations

Branches:
Dungeon (6/15) Zot: 1004
 Temple: D:4-7

Altars:

Annotations:
D:5 exclusion: sleepcap, Duvessa


Innate Abilities, Weirdness & Mutations

You passively map a small area around you.
You are easily found by Zot.
You glow in the dark.
You regain HP and MP as you explore.


Message History

You are poisoned.
The water moccasin poisons you!
An orc comes into view. It is wielding a +0 club.
You take 6 damage, and have 26/40 hp.
The orc shouts!
You hit the water moccasin but do no damage.
The water moccasin is lightly wounded.
You feel very sick.
You hear a shout!
The water moccasin barely misses you. x2
You take 4 damage, and have 22/40 hp.
You hit the water moccasin but do no damage.
The water moccasin is lightly wounded.
You feel sick. The water moccasin bites you!
You take 9 damage, and have 13/40 hp.
MASSIVE DAMAGE!!
You closely miss the water moccasin.
The water moccasin is lightly wounded.
You feel sick. The water moccasin barely misses you.
The water moccasin bites you but does no damage.
You take 2 damage, and have 11/40 hp.
You hit the water moccasin.
The water moccasin is moderately wounded.
You feel sick. The water moccasin closely misses you.
An orc comes into view.
It is wielding a +1 hand axe of freezing.
The water moccasin bites you but does no damage.
You hit the water moccasin.
The water moccasin is moderately wounded.
You feel sick. The water moccasin barely misses you.
You take 1 damage, and have 10/40 hp.
You aren't carrying any potions.
You closely miss the water moccasin.
The water moccasin is moderately wounded.
You feel sick. The water moccasin bites you.
* * * LOW HITPOINT WARNING * * *
The water moccasin misses you.
You take 7 damage, and have 3/40 hp.
You closely miss the water moccasin.
The water moccasin is moderately wounded.
You feel sick. The water moccasin bites you.
You die...

* ##### ,, ..#
#.... ** ..# #.###
#.# * ######.#<.
.o. ,,,...........
#o#** *#######....
* * #o# ##########
#S# #.........
#@#######.########
#..............#
#########.#..#.#
#.####.# #......#
########


You could see a water moccasin and 3 orcs.

Vanquished Creatures (collateral kills)
  Dowan (D:5)
1 creature vanquished.

Notes
Turn   | Place    | Note
-------+----------+-------------------------------------------
     0 | D:5      | jasper the Meteoran Delver began the quest for the Orb.
     0 | D:5      | Reached XP level 1. HP: 19/19 MP: 2/2
     9 | D:5      | Noticed a sleepcap
    66 | D:5      | Noticed Duvessa
    67 | D:5      | Noticed Dowan
    74 | D:5      | Killed Dowan
    75 | D:5      | Reached skill level 1 in Armour
    75 | D:5      | Reached XP level 2. HP: 3/27 MP: 3/3
    75 | D:5      | Reached XP level 3. HP: 3/33 MP: 4/4
    75 | D:5      | Reached XP level 4. HP: 4/40 MP: 5/5
   193 | D:6      | Noticed a water moccasin
   205 | D:6      | Slain by a water moccasin

Illustrated notes

Levels and vault maps discovered:
D:5:      layout_loops_cross, serial_shops, nicolae_shop_bloodbath_and_beyond,
          shop, shop, uniq_duvessa
D:6:      layout_basic, mainiacjoe_overflow_alcove_4, temple_green

Skill      XL: |  1 |
---------------+----+-----
Axes           | 3 |  3.5
Armour         | 1 |  1.4
Dodging        | 3 |  3.0
Fighting       | |  3.7
Stealth        | |  3.7

Action                     |  1- 3 |  4- 6 || total
---------------------------+-------+-------++-------
  Melee: Hand axe          |     1 |     9 ||    10
  Throw: Boomerang         |       |     3 ||     3
    Use: Scroll            |     1 |       ||     1
         Potion            |       |     1 ||     1
 Armour: Leather armour    |       |     3 ||     3
  Dodge: Dodged            |       |     8 ||     8
